 Dungeon Crawl Stone Soup version 0.29.1-15-g9cfb28693d (webtiles) character file.

Game seed: 9419887749089935911

42081 MisterFreud the Blocker (level 14, -1/110 HPs)
             Began as a Formicid Gladiator on Apr 10, 2023.
             Was a Believer of Yredelemnul.
             Slain by a death yak (12 damage)
             ... on level 5 of the Lair of Beasts.
             The game lasted 00:25:38 (20319 turns).

MisterFreud the Blocker (Formicid Gladiator)       Turns: 20319, Time: 00:25:39

Health: -1/110     AC: 16    Str: 24    XL:     14   Next: 53%
Magic:  13/21      EV: 10    Int:  8    God:    Yredelemnul [**....]
Gold:   890        SH: 14    Dex: 17    Spells: 13/13 levels left

rFire   + + .      SeeInvis +   w - +6 lajatang (venom)
rCold   x . .      Faith    +   h - +0 kite shield
rNeg    . . .      Spirit   .   F - +0 fire dragon scales
rPois   .          Reflect  .   (helmet unavailable)
rElec   .          Harm     .   M - +2 cloak
rCorr   .          Rampage  .   n - +0 pair of gloves
Will    +....                   (no boots)
Stlth   ..........              O - amulet of faith
HPRegen 0.28/turn               e - ring "Vehirer" {Wiz Fly Str+2 Slay+3}
MPRegen 0.17/turn               (no ring)

@: flying
A: permanent stasis, dig shafts and tunnels, antennae 3, four strong arms
a: Dig, Shaft Self, Renounce Religion, Recall Undead Harvest, Dark Bargain


You were on level 5 of the Lair of Beasts.
You worshipped Yredelemnul.
Yredelemnul was aware of your devotion.
You visited 3 branches of the dungeon, and saw 18 of its levels.

You collected 1073 gold pieces.
You spent 183 gold pieces at shops.

Inventory:

Hand Weapons
 a - a +3 quarterstaff of flaming
 w - a +6 lajatang of venom (weapon)
Missiles
 c - 3 throwing nets (quivered)
 d - a javelin
 g - 6 boomerangs
 p - 65 poisoned darts
 s - 5 curare-tipped darts
 Q - 3 atropa-tipped darts
Armour
 b - a +0 leather armour
 h - a +0 kite shield (worn)
 n - a +0 pair of gloves (worn)
 r - a +0 chain mail
 F - +0 fire dragon scales (worn)
 M - a +2 cloak (worn)
Jewellery
 e - the ring "Vehirer" (left hand) {Wiz Fly Str+2 Slay+3}
   (You acquired it on level 1 of the Dungeon)

   [ring of wizardry]

   It improves your spell success rate.
   Str:       It affects your strength (+2).
   Slay:      It affects your accuracy & damage with ranged weapons and melee
   (+3).
   Fly:       It grants you flight.
 y - a ring of protection from cold
 C - a ring of resist corrosion
 L - the ring "Nadao" {+Blink rN+ Str+6}
   (You found it on level 2 of the Lair of Beasts)

   [ring of strength]

   Str:       It affects your strength (+6).
   rN:        It protects you from negative energy.
   +Blink:    It lets you blink.
 O - an amulet of faith (around neck)
 P - an amulet of reflection
Wands
 x - a wand of iceblast (7)
 z - a wand of charming (7)
 D - a wand of polymorph (11)
 E - a wand of flame (11)
 I - a wand of acid (3)
 N - a wand of mindburst (8)
Scrolls
 t - 2 scrolls of fog
 A - 9 scrolls of identify
 B - a scroll of enchant armour
 G - a scroll of amnesia
 K - 2 scrolls of vulnerability
Potions
 f - 4 potions of flight
 i - 11 potions of curing
 j - 7 potions of mutation
 k - 2 potions of magic
 l - 3 potions of brilliance
 m - 7 potions of heal wounds
 o - 5 potions of attraction
 q - 3 potions of might
 u - 3 potions of ambrosia
 v - 2 potions of berserk rage
 J - a potion of cancellation
Miscellaneous
 H - a phantom mirror


   Skills:
 - Level 10.0 Fighting
 - Level 14.0 Staves
 - Level 2.0 Throwing
 - Level 10.0 Armour
 - Level 2.6 Dodging
 + Level 14.7 Shields
 + Level 10.0 Invocations
 - Level 8.0 Evocations


You had 13 spell levels left.
You didn't know any spells.
Your spell library contained the following spells:

 Spells                   Type           Power      Damage    Failure   Level
 Beastly Appendage        Tmut           0%         N/A       52%         1
 Ensorcelled Hibernation  Hex/Ice        0%         N/A       65%         2
 Wereblood                Tmut           0%         N/A       65%         2
 Dazzling Flash           Conj/Hex       0%         N/A       86%         3
 Ignite Poison            Fire/Tmut/Pois 0%         N/A       86%         3
 Portal Projectile        Hex/Tloc       0%         N/A       86%         3
 Spider Form              Tmut/Pois      0%         N/A       86%         3
 Tukima's Dance           Hex            0%         N/A       86%         3
 Anguish                  Hex/Necr       0%         N/A       99%         4
 Flame Wave               Conj/Fire      0%         2d4       99%         4
 Agony                    Necr           0%         N/A       100%        5
 Blade Hands              Tmut           0%         N/A       100%        5
 Silence                  Hex/Air        0%         N/A       100%        5


Dungeon Overview and Level Annotations

Branches:
Dungeon (12/15)            Temple (1/1) D:5            Lair (5/5) D:9
 Shoals (0/4) Lair:2        Snake (0/4) Lair:3          Orc (0/2) D:10
  Slime: Lair:4-5

Altars:
Cheibriados
Dithmenos
Elyvilon
Fedhas
Gozag
Hepliaklqana
Kikubaaqudgha
Makhleb
Nemelex Xobeh
Okawaru
Ru
Sif Muna
Trog
Uskayaw
Vehumet
Wu Jian
Xom
Yredelemnul
Zin
The Shining One

Shops:
D:3 ?=!(   D:4 ?

Portals:
Trove: D:11 (give +2 gold dragon scales)


Innate Abilities, Weirdness & Mutations

You cannot be hasted, slowed, berserked, paralysed or teleported.
You can dig through walls and to a lower floor.
You have a pair of large antennae on your head. (SInv)
Your four strong arms can wield two-handed weapons with a shield.


Message History

You can now bind living souls.
Your Invocations skill increases to level 10!
The death yak gores your cane toad zombie!
The death yak barely misses your cane toad zombie.
Your cane toad zombie barely misses the death yak.
You swap places.
The death yak gores you!
* * * LOW HITPOINT WARNING * * *
You block the death yak's attack.
Your cane toad zombie hits the death yak.
Aiming: Bind Soul (19% risk of failure)
Press: ? - help, Dir - move target, f - death yak
Aim: a death yak (ally target)
You fail to use your ability.
The death yak gores you!
* * * LOW HITPOINT WARNING * * *
You block the death yak's attack.
Your cane toad zombie barely misses the death yak.
Your bound komodo dragon barely misses the death yak.
Your rime drake zombie bites the death yak but does no damage.
Sonja hits the death yak but does no damage.
Sonja hits the death yak.
Sonja hits the death yak but does no damage.
Aiming: Bind Soul (19% risk of failure)
Press: ? - help, Dir - move target, f - death yak, p - death yak
Aim: a death yak (lightly wounded, not watching you, ally target)
The death yak's soul is now ripe for the taking.
Yredelemnul accepts your bounty of souls!
You can no longer bind living souls.
The death yak gores you!
* * * LOW HITPOINT WARNING * * *
You block the death yak's attack.
Your cane toad zombie hits the death yak.
Your bound komodo dragon bites the death yak!
Your bound komodo dragon drains the death yak.
Unknown command.
You slash the death yak!
The death yak looks as sick as possible!
The death yak is moderately wounded.
You block the death yak's attack. The death yak gores you!
You die...
Your body rises from the dead as a mindless zombie.

#..... P~ #....$.# ~~#
##......# # ..P.
#.......# ##P ...P##
##.......#####...
......##........P.......
......Z.................
......YZ................
#P....Y@Z......).......#
##.#.....!....<........#
##.##....[........### ##
#........###..#
#.........# ###
##....[....#
#........### #.........#
...........


You could see 2 death yaks, a friendly bound komodo dragon and 2 friendly cane
toad zombies.

Vanquished Creatures
  Gastronok (Lair:3)
  Nessos (Lair:5)
  Josephine (D:12)
  A boulder beetle (Lair:2)
  A hydra (Lair:4)
  2 two-headed ogres
  Sonja (Lair:5)
  A goliath frog (Lair:5)
  Pikel (D:7)
  A deep elf pyromancer (D:12)
  2 cyclopes (D:11)
  A manticore (D:12)
  3 black mambas
  4 elephants (Lair:4)
  2 gargoyles
  10 cane toads
  2 rime drakes
  6 komodo dragons
  2 unseen horrors
  2 trolls
  A tyrant leech (Lair:5)
  A hornet (D:8)
  8 blink frogs
  A snapping turtle (Lair:2)
  4 wraiths
  A vampire (D:11)
  A shadow (D:10)
  24 yaks
  Grum (D:8)
  3 basilisks
  9 wyverns
  3 steam dragons
  3 nagas (Lair:3)
  2 acid dragons
  9 water moccasins
  2 orc warriors
  2 ice beasts
  3 sky beasts
  2 black bears
  3 ogres
  8 centaurs
  9 wolves
  A lemure (D:7)
  A phantom (D:6)
  7 kobold brigands
  9 bullfrogs
  3 necrophages
  A scorpion (D:5)
  A wight (D:8)
  5 killer bees (D:8)
  2 electric eels
  4 howler monkeys
  4 hounds
  3 orc priests
  2 iguanas (D:5)
  10 orc wizards
  7 gnolls
  17 adders
  2 shadow imps (D:7)
  5 white imps
  An ufetubus (D:6)
  A worm (D:5)
  A dart slug (D:1)
  29 orcs
  10 ball pythons
  6 endoplasms
  3 giant cockroaches
  7 goblins
  10 hobgoblins
  12 jackals
  42 kobolds
  4 quokkas
  8 bats
  5 rats
368 creatures vanquished.

Vanquished Creatures (collateral kills)
  A two-headed ogre (D:8)
  A hydra (Lair:4)
  A boulder beetle (Lair:3)
  A death yak (Lair:5)
  A cyclops (D:9)
  An elephant (Lair:4)
  A black mamba (Lair:4)
  A rime drake (Lair:5)
  2 komodo dragons
  6 cane toads
  5 blink frogs
  2 wraiths (D:12)
  3 wyverns
  9 yaks
  A basilisk (Lair:2)
  A vampire mosquito (Lair:5)
  A water moccasin (Lair:1)
  2 black bears
  8 wolves
  A centaur (D:8)
  A kobold brigand (D:10)
  3 bullfrogs
  An orc wizard (D:8)
  An adder (D:5)
  A white imp (D:5)
  7 orcs
  5 kobolds
68 creatures vanquished.

Vanquished Creatures (others)
  An unseen horror zombie (D:12)
  A black mamba zombie (Lair:1)
  A spectral yak (D:11)
  A blink frog zombie (Lair:5)
  A komodo dragon zombie (Lair:5)
  3 water moccasin zombies
  4 wyvern zombies
  4 yak zombies
  3 wolf zombies
  A centaur zombie (D:8)
  A black bear zombie (D:8)
  3 bullfrog zombies
  A killer bee zombie (D:8)
  9 kobold zombies
  An ice beast zombie (D:5)
  An ogre zombie (D:5)
  A steam dragon zombie (D:8)
  An iguana zombie (D:5)
  A spectral white imp (D:8)
  A quokka (D:7)
  A jackal zombie (D:5)
  17 orc zombies
  25 fungi
  73 plants
156 creatures vanquished.

Grand Total: 592 creatures vanquished

Notes
Turn   | Place    | Note
-------+----------+-------------------------------------------
     0 | D:1      | MisterFreud the Formicid Gladiator began the quest for the
                  | Orb.
     0 | D:1      | Reached XP level 1. HP: 16/16 MP: 1/1
   221 | D:1      | Reached XP level 2. HP: 20/22 MP: 2/2
   516 | D:1      | Reached XP level 3. HP: 24/27 MP: 3/3
   887 | D:1      | Identified a scroll of acquirement
   887 | D:1      | Acquired the ring "Vehirer" {Wiz Fly Str+2 Slay+3}
  1268 | D:2      | Reached XP level 4. HP: 33/33 MP: 4/4
  1711 | D:2      | Reached skill level 5 in Staves
  2214 | D:3      | Found Luabresa's Distillery.
  2220 | D:3      | Bought a potion of heal wounds for 50 gold pieces
  2509 | D:3      | Found Rodghenen's Magic Scroll Boutique.
  2696 | D:3      | Found Neixody's Weapon Shoppe.
  2956 | D:3      | Reached skill level 1 in Shields
  2956 | D:3      | Reached XP level 5. HP: 32/38 MP: 5/5
  2967 | D:3      | You are sucked into a shaft and drop 3 floors!
  3281 | D:6      | Found an opulent altar of Gozag.
  3302 | D:5      | Entered Level 5 of the Dungeon
  3472 | D:4      | Found an iron altar of Okawaru.
  3481 | D:4      | Noticed a sky beast
  3488 | D:4      | Killed a sky beast
  3489 | D:4      | Reached XP level 6. HP: 31/44 MP: 6/6
  3640 | D:4      | Found a glowing silver altar of Zin.
  3676 | D:4      | Reached skill level 1 in Armour
  3992 | D:3      | Found a sacrificial altar of Ru.
  3995 | D:3      | Found a faded altar of an unknown god.
  4036 | D:3      | Reached XP level 7. HP: 37/51 MP: 7/7
  4144 | D:3      | Got the Writings on Inconstant Bolts
  4208 | D:3      | Found Huss's Jewellery Boutique.
  4224 | D:3      | Found an ornate altar of the Wu Jian Council.
  4259 | D:4      | Found Quynawer's Magic Scroll Shop.
  4499 | D:4      | You are sucked into a shaft and drop 1 floor!
  4780 | D:5      | Found a staircase to the Ecumenical Temple.
  4801 | Temple   | Entered the Ecumenical Temple
  4808 | Temple   | Became a worshipper of Yredelemnul the Dark
  5003 | D:5      | Reached * piety under Yredelemnul
  5004 | D:5      | Reached skill level 5 in Shields
  5022 | D:5      | Reached XP level 8. HP: 29/60 MP: 8/8
  5232 | D:4      | Found a hazy altar of Hepliaklqana.
  5233 | D:4      | Found a shimmering altar of Xom.
  5234 | D:4      | Noticed a spectral ugly thing
  5570 | D:5      | Reached skill level 5 in Fighting
  5918 | D:5      | Reached ** piety under Yredelemnul
  5928 | D:5      | Reached skill level 5 in Armour
  6485 | D:6      | Reached XP level 9. HP: 47/68 MP: 9/9
  6509 | D:6      | You are sucked into a shaft and drop 2 floors!
  6824 | D:8      | Noticed Grum
  6833 | D:8      | Killed Grum
  7012 | D:8      | Noticed a two-headed ogre
  7044 | D:8      | Killed a two-headed ogre
  7045 | D:8      | Reached skill level 10 in Staves
  7045 | D:8      | Reached XP level 10. HP: 64/74 MP: 9/11
  7492 | D:4      | Bought a scroll of brand weapon for 133 gold pieces
  8350 | D:7      | Noticed Pikel
  8365 | D:7      | Killed Pikel
  8366 | D:7      | Reached skill level 10 in Shields
  8366 | D:7      | Reached skill level 5 in Invocations
  8597 | D:7      | Found a white marble altar of Elyvilon.
  9515 | D:8      | Reached *** piety under Yredelemnul
  9734 | D:8      | Reached XP level 11. HP: 63/79 MP: 16/16
  9817 | D:8      | Found a sparkling altar of Nemelex Xobeh.
 10393 | D:8      | Found a blossoming altar of Fedhas.
 10925 | D:9      | Found a staircase to the Lair.
 10933 | D:9      | Reached skill level 1 in Evocations
 11174 | D:9      | Reached **** piety under Yredelemnul
 11222 | D:9      | Noticed a two-headed ogre
 11229 | D:9      | Killed a two-headed ogre
 11229 | D:9      | Reached ***** piety under Yredelemnul
 11429 | D:9      | Noticed a cyclops
 11442 | D:9      | Killed a cyclops
 12069 | D:9      | Found a burning altar of Makhleb.
 12239 | D:9      | Reached ****** piety under Yredelemnul
 12297 | D:10     | Entered Level 10 of the Dungeon
 12446 | D:10     | Found a staircase to the Orcish Mines.
 13002 | D:10     | Reached skill level 5 in Evocations
 13365 | D:10     | Found a hide-covered altar of Uskayaw.
 13468 | D:10     | Found an ancient bone altar of Kikubaaqudgha.
 13468 | D:10     | Found a bloodstained altar of Trog.
 13599 | D:11     | Reached XP level 12. HP: 91/91 MP: 18/18
 13741 | D:11     | Noticed a two-headed ogre
 13775 | D:11     | Killed a two-headed ogre
 14357 | D:11     | Found a portal to a secret trove of treasure.
 14859 | D:12     | Acquired a +5 lajatang of venom
 14898 | D:12     | Noticed Josephine
 14909 | D:12     | Killed Josephine
 15428 | Lair:1   | Entered Level 1 of the Lair of Beasts
 15454 | Lair:1   | Reached skill level 10 in Fighting
 15454 | Lair:1   | Reached skill level 10 in Armour
 16139 | Lair:1   | Reached XP level 13. HP: 101/103 MP: 19/19
 16938 | Lair:2   | Found a staircase to the Shoals.
 17112 | Lair:2   | Identified the ring "Nadao" {+Blink rN+ Str+6}
 17494 | Lair:2   | Noticed a boulder beetle
 17501 | Lair:2   | Killed a boulder beetle
 17651 | Lair:3   | Noticed Gastronok
 17667 | Lair:3   | Killed Gastronok
 17875 | Lair:3   | Found a staircase to the Snake Pit.
 18450 | Lair:3   | Noticed a boulder beetle
 18456 | Lair:3   | Killed a boulder beetle
 18986 | Lair:4   | Noticed a six-headed hydra
 18997 | Lair:4   | Killed a six-headed hydra
 19334 | Lair:4   | Reached XP level 14. HP: 110/110 MP: 20/20
 19912 | Lair:5   | Entered Level 5 of the Lair of Beasts
 19963 | Lair:5   | Noticed Nessos
 19971 | Lair:5   | Killed Nessos
 20275 | Lair:5   | Noticed Sonja
 20288 | Lair:5   | Killed Sonja
 20315 | Lair:5   | Reached skill level 10 in Invocations
 20319 | Lair:5   | Slain by a death yak

Illustrated notes

Levels and vault maps discovered:
D:1:      matt_arrival_grand_opening, layout_loops_ring, grunt_decor_junction,
          corexii_corridor_pit, nrook_uturn
D:2:      minmay_alternating_diamond, layout_loops_ring
D:3:      layout_loops_ring, nicolae_wu_jian_glorious_leap,
          nicolae_ru_sacrificial_ziggurat, serial_shops, nicolae_shop_trees,
          shop, nicolae_shop_statue_plus, nicolae_shop_hallway_stairs,
          nicolae_ecumenical_snake_handling
D:4:      layout_basic, regret_index_temple_of_mockery,
          nicolae_overflow_hidden_temple, okawaru_gym_becter, serial_shops,
          kennysheep_mini
D:5:      minmay_chambers_of_threes, layout_basic, minmay_temple_entry_slanted
D:6:      layout_cave_pools, grunt_gozag_statues
D:7:      layout_loops_ring, elyvilon_altar_4, grunt_ministairs_10,
          serial_bayou_crossing, uniq_pikel
D:8:      layout_gridville, old_standard_altar, lemuel_doored_altar,
          minmay_parallelograms, minmay_joined_circles, uniq_grum
D:9:      layout_loops_ring, mainiacjoe_overflow_paths, david_lair_generic,
          grunt_ministairs_3
D:10:     layout_basic, lemuel_coloured_pillars_altar,
          gammafunk_temple_overflow_wave, orc_0_dummy
D:11:     layout_rooms, enter_trove_0
D:12:     layout_big_octagon, uniq_josephine
Temple:   hellmonk_temple_micro_hex
Lair:1:   layout_hall_layers, serial_bayou_shore_a
Lair:2:   layout_big_grid, minmay_shoals_entry_hut
Lair:3:   layout_roguey, minmay_snake_entry_guardpost_small,
          lemuel_fruit_fields, infiniplex_staircase_pool_2, uniq_gastronok
Lair:4:   layout_misc_corridors, grunt_megastairs_4
Lair:5:   minmay_lair_end_frog_pond, layout_hall_layers,
          minmay_slime_entry_pillars, gammafunk_ghost_hydra_chop, uniq_sonja,
          uniq_nessos

Skill      XL: |  1  2  3  4  5  6  7  8  9 10 11 12 13 14 |
---------------+-------------------------------------------+-----
Staves         | 4 5 6 10 14 | 14.0
Shields        | 1 3 4 5 8 11 12 14 | 14.7
Armour         | 1 3 5 7 10 | 10.0
Fighting       | 4 5 7 10 | 10.0
Invocations    | 2 7 8 10 | 10.0
Evocations     | 5 6 8 |  8.0
Throwing       | |  2.0
Dodging        | |  2.6

Action                   |  1- 3 |  4- 6 |  7- 9 | 10-12 | 13-15 || total
-------------------------+-------+-------+-------+-------+-------++-------
Melee: Quarterstaff      |    62 |   128 |   215 |   460 |     7 ||   872
       Lajatang          |       |       |       |    63 |   255 ||   318
Throw: Dart              |       |       |     3 |     1 |       ||     4
Invok: Recall Undead Har |       |       |       |     6 |     2 ||     8
       Bind Soul         |       |       |       |     1 |     2 ||     3
       Dark Bargain      |       |       |       |     1 |       ||     1
 Abil: Shaft Self        |       |     1 |     2 |       |       ||     3
Evoke: Wand              |       |       |       |     1 |     3 ||     4
  Use: Scroll            |     1 |     6 |     4 |    16 |     3 ||    30
       Potion            |       |       |     1 |       |     2 ||     3
 Stab: Sleeping          |     1 |     2 |       |       |       ||     3
       Distracted        |       |       |     2 |     7 |     7 ||    16
Armor: Leather armour    |    16 |     9 |       |       |       ||    25
       Chain mail        |       |    28 |    95 |   139 |       ||   262
       Fire dragon scale |       |       |       |     9 |    79 ||    88
Dodge: Dodged            |    35 |    46 |    81 |   139 |    74 ||   375
Block: Kite shield       |       |    46 |   112 |   299 |   178 ||   635
